 Dungeon Crawl Stone Soup version 0.28-a0-851-g8b9cc49659 (webtiles) character file.

Game seed: 8951864911200073550

86 ragingrage the Sneak (level 4, 0/52 HPs)
             Began as a Merfolk Brigand on Nov 14, 2021.
             Killed from afar by an orc wizard (5 damage)
             ... with a puff of flame
             ... on level 3 of the Dungeon.
             The game lasted 00:02:57 (2726 turns).

ragingrage the Sneak (Merfolk Brigand)              Turns: 2726, Time: 00:02:58

Health: 0/52       AC: 22    Str: 12    XL:     4   Next: 50%
Magic:  4/4        EV:  2    Int: 10    God:
Gold:   112        SH:  0    Dex: 15    Spells: 3/3 levels left

rFire   . . .      SeeInvis .   t - +4 dagger
rCold   . . .      Faith    .   (no shield)
rNeg    . . .      Spirit   .   (armour currently unavailable)
rPois   +          Reflect  .   (helmet currently unavailable)
rElec   .          Harm     .   (cloak currently unavailable)
rCorr   .          Rampage  .   (gloves currently unavailable)
Will    .....      NoTele   +   (boots currently unavailable)
Stlth   +++.......              m - amulet of the acrobat
HPRegen 0.17/turn               (no ring)
MPRegen 0.09/turn               (no ring)

@: tree-form
A: stationary, stasis, torment immunity, boosted hp, (nimble swimmer 2),
(mertail)
a: no special abilities


You were on level 3 of the Dungeon.
You were a tree.
You visited 1 branch of the dungeon, and saw 3 of its levels.

You collected 112 gold pieces.

Inventory:

Hand Weapons
 t - a +4 dagger (weapon)
Missiles
 a - 2 javelins
 d - 23 poisoned darts
 e - 7 curare-tipped darts
 k - 56 stones (quivered)
 q - 3 boomerangs
Armour
 b - a +0 robe (melded)
 c - a +0 cloak (melded)
Jewellery
 m - an amulet of the acrobat (around neck)
Wands
 j - a wand of digging (5)
Scrolls
 f - a scroll of enchant armour {unknown}
 g - 4 scrolls of amnesia {unknown}
 h - 2 scrolls of teleportation {unknown}
 l - 2 scrolls of identify {unknown}
 n - a scroll of fog {unknown}
 r - a scroll of blinking {unknown}
 s - a scroll of noise {unknown}
Potions
 o - a potion of lignification
 p - a potion of attraction {unknown}


   Skills:
 + Level 3.4 Fighting
 - Level 2.4 Short Blades
 + Level 3.1 Throwing
 + Level 3.2 Dodging
 - Level 4.3 Stealth


You had 3 spell levels left.
You didn't know any spells.
Your spell library contained the following spells:

 Spells                   Type           Power      Damage    Failure   Level
 Conjure Flame            Conj/Fire      0%         6-21      75%         3
 Ignite Poison            Fire/Tmut/Pois 0%         N/A       75%         3
 Sticky Flame             Conj/Fire      0%         2d3       98%         4


Dungeon Overview and Level Annotations

Branches:
Dungeon (3/15)

Altars:


Innate Abilities, Weirdness & Mutations

You are a tree.
Your roots penetrate the ground, keeping you stationary.
You cannot be teleported.
You are immune to unholy pain and torment.
Your maximum health is greatly increased.
Your equipment is partially melded.
((You are quick and stealthy near water. (Stealth+, EV+, Speed+++)))
((Your lower body shifts to a powerful aquatic tail in water.))


Message History

You are too injured to fight recklessly!
You barely miss something. Something hits you.
You are too injured to fight recklessly!
You miss something. Something hits you.
You closely miss something.
The orc shouts!
Something hits you but does no damage.
You bump into the rock wall.
Something hits you.
You hit something. Something hits you.
You bump into the rock wall.
You feel less confused. Something hits you.
You hit something but do no damage.
You hear some strange, mumbled words.
A magic dart appears from out of thin air!
The magic dart hits you!
* * * LOW HITPOINT WARNING * * *
You completely miss something. You hit something. Something hits you.
* * * LOW HITPOINT WARNING * * *
It was a potion of curing.
You feel better.
You hear some strange, mumbled words.
Something tries to affect you, but you resist.
Unknown command.
You closely miss something.
You hear some strange, mumbled words.
A magic dart appears from out of thin air!
The magic dart hits you!
* * * LOW HITPOINT WARNING * * *
You hit something but do no damage. Something hits you but does no damage.
You feel better. Something hits you.
* * * LOW HITPOINT WARNING * * *
Unknown command.
It was a potion of lignification.
You turn into a tree.
Your +0 cloak melds into your body.
Your +0 robe melds into your body.
Your roots penetrate the ground.
You hear some strange, mumbled words.
A puff of flame appears from out of thin air!
The puff of flame hits you.
You die...

..
...
#.#
#.#
#.#
#.#
#.#
#?#
#)#
#)#
#♣#
#{#
#o#
...
#..
####


You could see an orc.

Vanquished Creatures
  Ijyb (D:3)
  2 adders (D:2)
  A dart slug (D:1)
  2 orcs (D:3)
  2 endoplasms (D:2)
  2 goblins
  3 hobgoblins
  4 jackals (D:2)
  2 quokkas
  3 ball pythons
  3 bats
  2 frilled lizards (D:1)
  2 kobolds (D:1)
  11 rats
40 creatures vanquished.

Notes
Turn   | Place    | Note
-------+----------+-------------------------------------------
     0 | D:1      | ragingrage the Merfolk Brigand began the quest for the Orb.
     0 | D:1      | Reached XP level 1. HP: 16/16 MP: 1/1
   434 | D:1      | Reached XP level 2. HP: 23/23 MP: 2/2
   713 | D:1      | Found a faded altar of an unknown god.
  1442 | D:2      | Reached XP level 3. HP: 19/28 MP: 3/3
  2348 | D:3      | Noticed Ijyb
  2367 | D:3      | Killed Ijyb
  2368 | D:3      | Reached XP level 4. HP: 10/35 MP: 4/4
  2723 | D:3      | HP: 1/35 [something/magic dart (7)]
  2726 | D:3      | Killed from afar by an orc wizard

Illustrated notes

Levels and vault maps discovered:
D:1:      dpeg_arrival_ratfight, layout_loops_corners,
          ebering_ecumenical_altar_ruins
D:2:      layout_basic
D:3:      layout_basic, gammafunk_temple_overflow_wave, uniq_robin,
          uniq_sigmund, uniq_ijyb

Skill      XL: |  1  2  3 |
---------------+----------+-----
Dodging        | 2 3 |  3.2
Fighting       | 3 |  3.4
Throwing       | 3 |  3.1
Short Blades   | |  2.4
Stealth        | |  4.3

Action                   |  1- 3 |  4- 6 || total
-------------------------+-------+-------++-------
Melee: Dagger            |    92 |    17 ||   109
Throw: Stone             |    47 |       ||    47
       Dart              |     6 |       ||     6
       Javelin           |     2 |     1 ||     3
  Use: Potion            |       |     3 ||     3
 Stab: Sleeping          |     4 |       ||     4
Armor: Robe              |    14 |     2 ||    16
Dodge: Dodged            |    51 |     5 ||    56

Table legend: (Time is in decaauts)
 A = Elapsed time spent in this place.
 B = Non-inter-level travel time spent in this place.
 C = Inter-level travel time spent in this place.
 D = Time resting spent in this place.
 E = Time spent auto-exploring this place.
 F = Levels seen in this place.
 G = Mean time per level.
                   A        B        C        D        E       F      G
               +--------+--------+--------+--------+--------+-----+--------+
         Total |   2711 |   2595 |    116 |    232 |   2005 |   3 |  903.7 |
       Dungeon |   2711 |   2595 |    116 |    232 |   2005 |   3 |  903.7 |
               +--------+--------+--------+--------+--------+-----+--------+

Top non-repeatable levels by time:
     D:2: 1500 daAuts
     D:1: 1045 daAuts
     D:3: 166 daAuts
